[ PARTIDA AOE2 · #505737937 ]
UnrankedMagiares vs Huns
Equipo del jugador · DERR
Equipo rival · VICT
[ ANÁLISIS DE REPETICIÓN · EXTRAÍDO DE LA PARTIDA GRABADA ]
Feudal
9:05
Castillos
24:48
Imperial
—
| APM promedio | 40.3 |
| APM pico | 71 |
| eAPM promedio | 17.0 |
| Aldeanos / militares | 56 / 37 |
Foco
⚔️ 43.9% · 🌾 56.1%
Skirmisher ×16 · Knight ×8 · Archer ×7 · Monk ×3 · Militia ×3
Feudal
10:33
Castillos
22:09
Imperial
—
| APM promedio | 71.6 |
| APM pico | 121 |
| eAPM promedio | 29.1 |
| Aldeanos / militares | 58 / 63 |
Foco
⚔️ 39.2% · 🌾 60.8%
Archer ×26 · Knight ×22 · Battering Ram ×5 · Militia ×4 · Skirmisher ×3 · Mangonel ×2
Mapa de la partida
Recursos iniciales + cada clic de construcción. Líneas = muros · curvas = relieve. ◆ oro · ⬟ piedra · ● bayas · ✦ reliquia · ◌ hueco del cierre
Tu base· Abierta — hueco de 6t
Base de Pedro· Abierta — flanco sin cerrar
Terreno inicial suavizado · ◌ = hueco del cierre detectado · pasá el cursor para detalles
Inputs por minuto
— toucan_i_am - - Pedro
Build order — toucan_i_am
Primeras 150 de 170 acciones detectadas
| 0:00 | Encolar | Villager (Male) |
| 0:00 | Encolar | Villager (Male) |
| 0:00 | Encolar | Villager (Male) |
| 0:01 | Encolar | Villager (Male) |
| 0:02 | Construir | House |
| 0:03 | Construir | House |
| 1:31 | Encolar | Villager (Male) |
| 1:45 | Construir | Lumber Camp |
| 2:06 | Encolar | Villager (Male) |
| 2:06 | Encolar | Villager (Male) |
| 2:19 | Encolar | Villager (Male) |
| 2:46 | Encolar | Villager (Male) |
| 2:46 | Encolar | Villager (Male) |
| 3:20 | Encolar | Villager (Male) |
| 3:27 | Construir | House |
| 3:42 | Encolar | Villager (Male) |
| 3:58 | Construir | Mill |
| 4:13 | Encolar | Villager (Male) |
| 4:14 | Encolar | Villager (Male) |
| 4:14 | Encolar | Villager (Male) |
| 5:02 | Encolar | Villager (Male) |
| 5:02 | Encolar | Villager (Male) |
| 5:02 | Encolar | Villager (Male) |
| 5:28 | Encolar | Villager (Male) |
| 5:51 | Investigar | Loom |
| 6:28 | Construir | Barracks |
| 6:55 | Investigar | Feudal Age |
| 7:03 | Construir | House |
| 7:25 | Encolar | Militia |
| 7:51 | Construir | House |
| 7:56 | Encolar | Militia |
| 8:21 | Encolar | Villager (Male) |
| 8:29 | Construir | Palisade Wall |
| 8:33 | Encolar | Militia |
| 8:41 | Construir | Palisade Wall |
| 8:42 | Construir | Palisade Wall |
| 9:02 | Encolar | Villager (Male) |
| 9:05 | Edad | Edad Feudal |
| 9:20 | Investigar | Double-Bit Axe |
| 9:22 | Construir | Palisade Wall |
| 9:24 | Construir | Palisade Wall |
| 9:35 | Construir | Archery Range |
| 9:41 | Encolar | Villager (Male) |
| 10:05 | Construir | Mining Camp |
| 10:18 | Encolar | Villager (Male) |
| 10:30 | Encolar | Archer |
| 11:10 | Encolar | Archer |
| 11:10 | Encolar | Archer |
| 11:11 | Encolar | Villager (Male) |
| 11:36 | Encolar | Archer |
| 11:40 | Encolar | Villager (Male) |
| 11:40 | Encolar | Villager (Male) |
| 11:54 | Construir | House |
| 12:11 | Encolar | Archer |
| 12:12 | Encolar | Villager (Male) |
| 12:22 | Encolar | Villager (Male) |
| 12:29 | Construir | House |
| 12:39 | Encolar | Archer |
| 12:42 | Construir | Palisade Wall |
| 12:43 | Construir | Palisade Wall |
| 12:51 | Encolar | Villager (Male) |
| 13:15 | Encolar | Villager (Male) |
| 13:36 | Encolar | Villager (Male) |
| 13:38 | Construir | Farm |
| 13:38 | Construir | Farm |
| 13:38 | Construir | Farm |
| 13:38 | Construir | Farm |
| 13:38 | Construir | Farm |
| 13:40 | Encolar | Villager (Male) |
| 14:12 | Encolar | Villager (Male) |
| 14:12 | Encolar | Villager (Male) |
| 14:19 | Construir | Farm |
| 14:19 | Construir | Farm |
| 14:21 | Construir | Farm |
| 14:21 | Construir | Farm |
| 14:22 | Construir | Farm |
| 14:22 | Construir | Farm |
| 14:22 | Construir | Farm |
| 14:22 | Construir | Farm |
| 14:22 | Construir | Farm |
| 14:41 | Encolar | Archer |
| 14:42 | Encolar | Villager (Male) |
| 14:45 | Construir | House |
| 14:50 | Investigar | Town Watch |
| 15:04 | Encolar | Villager (Male) |
| 15:06 | Construir | Farm |
| 15:30 | Encolar | Villager (Male) |
| 15:32 | Construir | House |
| 15:54 | Construir | Blacksmith |
| 15:57 | Construir | Watch Tower |
| 16:14 | Encolar | Villager (Male) |
| 16:17 | Construir | Farm |
| 16:18 | Construir | Farm |
| 16:21 | Encolar | Skirmisher |
| 16:22 | Encolar | Villager (Male) |
| 16:36 | Investigar | Fletching |
| 16:55 | Construir | Lumber Camp |
| 17:07 | Encolar | Villager (Male) |
| 17:07 | Encolar | Villager (Male) |
| 17:18 | Encolar | Skirmisher |
| 17:38 | Encolar | Skirmisher |
| 17:50 | Encolar | Villager (Male) |
| 17:57 | Encolar | Villager (Male) |
| 18:04 | Construir | House |
| 18:27 | Encolar | Skirmisher |
| 18:28 | Encolar | Villager (Male) |
| 18:30 | Construir | House |
| 18:35 | Investigar | Padded Archer Armor |
| 18:40 | Construir | Farm |
| 18:40 | Construir | Farm |
| 18:40 | Construir | Farm |
| 18:40 | Construir | Farm |
| 18:49 | Construir | House |
| 19:04 | Construir | House |
| 19:05 | Encolar | Villager (Male) |
| 19:19 | Encolar | Villager (Male) |
| 19:23 | Construir | House |
| 19:36 | Encolar | Villager (Male) |
| 19:38 | Encolar | Skirmisher |
| 19:43 | Construir | House |
| 19:48 | Construir | Farm |
| 20:29 | Investigar | Wheelbarrow |
| 20:45 | Encolar | Skirmisher |
| 20:45 | Encolar | Skirmisher |
| 20:57 | Construir | Market |
| 21:27 | Encolar | Skirmisher |
| 21:53 | Construir | Lumber Camp |
| 22:08 | Investigar | Castle Age |
| 22:10 | Encolar | Skirmisher |
| 22:10 | Encolar | Skirmisher |
| 22:40 | Construir | Watch Tower |
| 22:50 | Encolar | Skirmisher |
| 22:50 | Encolar | Skirmisher ×5 |
| 22:51 | Encolar | Villager (Male) |
| 23:29 | Construir | Archery Range |
| 23:51 | Construir | Stable |
| 24:07 | Construir | House |
| 24:39 | Construir | Mining Camp |
| 24:48 | Construir | House |
| 24:48 | Edad | Edad de los Castillos |
| 24:51 | Encolar | Knight |
| 24:53 | Encolar | Villager (Male) |
| 24:53 | Encolar | Villager (Male) |
| 24:57 | Construir | Monastery |
| 25:04 | Encolar | Villager (Male) |
| 25:11 | Construir | Stable |
| 25:17 | Encolar | Villager (Male) |
| 25:23 | Encolar | Knight |
| 25:27 | Encolar | Villager (Male) |
| 25:35 | Encolar | Villager (Male) |
Build order — Pedro
Primeras 150 de 189 acciones detectadas
| 0:01 | Encolar | Villager (Male) |
| 0:01 | Encolar | Villager (Male) |
| 0:13 | Encolar | Villager (Male) |
| 0:22 | Encolar | Villager (Male) |
| 1:17 | Encolar | Villager (Male) |
| 1:49 | Encolar | Villager (Male) |
| 1:58 | Construir | Lumber Camp |
| 2:21 | Encolar | Villager (Male) |
| 2:57 | Encolar | Villager (Male) |
| 3:03 | Encolar | Villager (Male) |
| 3:10 | Encolar | Villager (Male) |
| 3:41 | Encolar | Villager (Male) |
| 3:49 | Encolar | Villager (Male) |
| 4:33 | Encolar | Villager (Male) |
| 4:34 | Encolar | Villager (Male) |
| 5:03 | Encolar | Villager (Male) |
| 5:07 | Construir | Barracks |
| 5:09 | Encolar | Villager (Male) |
| 5:34 | Encolar | Villager (Male) |
| 5:51 | Encolar | Villager (Male) |
| 6:05 | Encolar | Militia |
| 6:06 | Encolar | Militia |
| 6:06 | Encolar | Militia |
| 6:19 | Construir | Mill |
| 6:36 | Encolar | Villager (Male) |
| 7:00 | Encolar | Militia |
| 7:04 | Investigar | Loom |
| 8:16 | Investigar | Feudal Age |
| 8:26 | Construir | Lumber Camp |
| 8:27 | Encolar | Villager (Male) |
| 9:08 | Construir | Mining Camp |
| 9:40 | Encolar | Villager (Male) |
| 10:33 | Edad | Edad Feudal |
| 10:45 | Encolar | Villager (Male) |
| 10:49 | Construir | Archery Range |
| 10:58 | Investigar | Man-at-Arms (upgrade) |
| 10:59 | Investigar | Double-Bit Axe |
| 10:59 | Investigar | Double-Bit Axe |
| 10:59 | Encolar | Villager (Male) |
| 11:34 | Construir | Archery Range |
| 11:37 | Encolar | Villager (Male) |
| 11:48 | Encolar | Archer |
| 12:01 | Construir | Watch Tower |
| 12:18 | Encolar | Villager (Male) |
| 12:19 | Encolar | Archer |
| 12:19 | Encolar | Archer |
| 12:20 | Encolar | Archer |
| 12:24 | Construir | Farm |
| 12:34 | Encolar | Archer |
| 12:34 | Encolar | Archer |
| 12:40 | Construir | Farm |
| 12:46 | Encolar | Archer |
| 12:51 | Encolar | Skirmisher |
| 12:51 | Encolar | Skirmisher |
| 13:08 | Encolar | Archer |
| 13:13 | Construir | Blacksmith |
| 13:16 | Encolar | Skirmisher |
| 13:18 | Construir | Palisade Wall |
| 13:19 | Construir | Palisade Wall |
| 13:20 | Construir | Palisade Wall |
| 13:20 | Construir | Palisade Wall |
| 13:21 | Construir | Palisade Wall |
| 13:45 | Encolar | Archer |
| 13:46 | Encolar | Archer |
| 13:46 | Encolar | Archer |
| 13:59 | Encolar | Archer |
| 13:59 | Encolar | Archer |
| 14:00 | Encolar | Villager (Male) |
| 14:08 | Investigar | Fletching |
| 14:09 | Investigar | Fletching |
| 14:23 | Construir | Farm |
| 14:25 | Construir | Farm |
| 14:27 | Construir | Farm |
| 14:31 | Encolar | Archer |
| 14:31 | Encolar | Archer |
| 14:33 | Encolar | Villager (Male) |
| 14:36 | Construir | Farm |
| 14:36 | Encolar | Villager (Male) |
| 14:48 | Encolar | Villager (Male) |
| 14:57 | Construir | Farm |
| 15:05 | Encolar | Archer |
| 15:10 | Encolar | Villager (Male) |
| 15:13 | Construir | Farm |
| 15:21 | Encolar | Archer |
| 15:21 | Encolar | Villager (Male) |
| 15:26 | Construir | Farm |
| 15:29 | Construir | Farm |
| 15:43 | Encolar | Archer |
| 15:51 | Encolar | Archer |
| 15:51 | Encolar | Archer |
| 15:58 | Encolar | Villager (Male) |
| 15:59 | Construir | Farm |
| 16:07 | Encolar | Archer |
| 16:07 | Encolar | Archer |
| 16:09 | Encolar | Villager (Male) |
| 16:09 | Encolar | Villager (Male) |
| 16:19 | Encolar | Villager (Male) |
| 16:21 | Construir | Farm |
| 16:24 | Construir | Farm |
| 16:53 | Encolar | Archer |
| 16:54 | Encolar | Villager (Male) |
| 16:56 | Construir | Farm |
| 16:57 | Construir | Farm |
| 17:02 | Construir | Farm |
| 17:13 | Encolar | Archer |
| 17:13 | Encolar | Archer |
| 17:36 | Encolar | Villager (Male) |
| 17:37 | Encolar | Archer |
| 17:38 | Encolar | Villager (Male) |
| 17:49 | Encolar | Villager (Male) |
| 17:51 | Construir | Farm |
| 17:53 | Construir | Farm |
| 17:53 | Encolar | Villager (Male) |
| 18:14 | Construir | Farm |
| 18:47 | Construir | Farm |
| 18:50 | Construir | Farm |
| 19:29 | Investigar | Castle Age |
| 19:29 | Investigar | Castle Age |
| 19:33 | Construir | Stable |
| 19:54 | Construir | Stable |
| 19:58 | Investigar | Scale Barding Armor |
| 19:58 | Investigar | Scale Barding Armor |
| 20:26 | Investigar | Bloodlines |
| 20:26 | Investigar | Bloodlines |
| 21:38 | Encolar | Villager (Male) |
| 21:55 | Investigar | Forging |
| 22:09 | Edad | Edad de los Castillos |
| 22:14 | Encolar | Knight |
| 22:14 | Encolar | Knight |
| 22:15 | Encolar | Knight |
| 22:15 | Encolar | Knight |
| 22:21 | Construir | Siege Workshop |
| 22:27 | Encolar | Villager (Male) |
| 22:28 | Encolar | Villager (Male) |
| 22:46 | Encolar | Scout Cavalry |
| 22:48 | Encolar | Knight |
| 22:48 | Encolar | Knight |
| 23:04 | Encolar | Mangonel |
| 23:04 | Encolar | Mangonel |
| 23:16 | Encolar | Villager (Male) |
| 23:17 | Encolar | Villager (Male) |
| 23:18 | Encolar | Villager (Male) |
| 23:22 | Construir | Market |
| 23:35 | Encolar | Knight |
| 23:36 | Encolar | Knight |
| 23:37 | Encolar | Villager (Male) |
| 23:41 | Encolar | Villager (Male) |
| 23:46 | Encolar | Villager (Male) |
| 24:32 | Encolar | Knight |
| 24:32 | Encolar | Knight |
Cronología de la partida
| 5:07 | Pedro · first_building Barracks |
| 6:28 | toucan_i_am · first_building Barracks |
| 8:29 | toucan_i_am · wall_segment Palisade Wall x4 |
| 8:41 | toucan_i_am · wall_segment Palisade Wall x1 |
| 8:42 | toucan_i_am · wall_segment Palisade Wall x1 |
| 9:05 | toucan_i_am · age_up feudal |
| 9:22 | toucan_i_am · wall_segment Palisade Wall x1 |
| 9:24 | toucan_i_am · wall_segment Palisade Wall x1 |
| 9:35 | toucan_i_am · first_building Archery Range |
| 10:33 | Pedro · age_up feudal |
| 10:49 | Pedro · first_building Archery Range |
| 12:42 | toucan_i_am · wall_segment Palisade Wall x1 |
| 12:43 | toucan_i_am · wall_segment Palisade Wall x1 |
| 13:18 | Pedro · wall_segment Palisade Wall x1 |
| 13:19 | Pedro · wall_segment Palisade Wall x1 |
| 13:20 | Pedro · wall_segment Palisade Wall x1 |
| 13:20 | Pedro · wall_segment Palisade Wall x1 |
| 13:21 | Pedro · wall_segment Palisade Wall x1 |
| 19:33 | Pedro · first_building Stable |
| 22:07 | toucan_i_am · first_market_buy 100 food |
| 22:09 | Pedro · age_up castle |
| 22:21 | Pedro · first_building Siege Workshop |
| 23:51 | toucan_i_am · first_building Stable |
| 24:48 | toucan_i_am · age_up castle |
| 24:57 | toucan_i_am · first_building Monastery |
| 25:06 | Pedro · first_market_sell 100 food |
| 27:31 | Pedro · first_building Monastery |
| 28:57 | toucan_i_am · resign |
[ ANÁLISIS IA · 1 CRÉDITO ]
¿Qué pasó realmente en esta partida?
Wolo.gg analiza cada decisión: build order, eco, micro, errores típicos por bracket. Análisis personalizado por WhatsApp o Discord en 30 segundos.
Guía civ
Magiares
Perfil
Jugador #1757125